TOP OF THE 1ST |
Managua Lagoon Monsters batting - Pitching for Havana Conejitos : RHP Mark Breitenbach
|
Pitching: RHP Mark Breitenbach
|
|
Batting: LHB John Elway
|
0-0: Ball 1-0: Ball 2-0: SINGLE (Groundball, 34D, EV 106.3 MPH)
|
Batting: RHB Ivan Calderon
|
0-0: Ball 1-0: Ball 2-0: Called Strike 2-1: Ball 3-1: Base on Balls John Elway to second
|
Batting: LHB Willie Gonzalez
|
0-0: Called Strike 0-1: Ball 1-1: Foul Ball, location: 2F 1-2: Hit by Pitch John Elway to third Ivan Calderon to second
|
Batting: RHB Randy Ready
|
0-0: Foul Ball, location: 2F 0-1: Ball 1-1: Ball 2-1: Called Strike 2-2: Reached on error, E3 (Groundball, 3, EV 103.1 MPH) John Elway scores Ivan Calderon to third Willie Gonzalez to second
|
Batting: LHB Dan Pasqua
|
0-0: Foul Ball, location: 2F 0-1: Fielders Choice at 2nd, 3-6 (Groundball, 13, EV 91.3 MPH) Ivan Calderon scores Willie Gonzalez to third
|
Batting: RHB Ed Hearn
|
0-0: Ball 1-0: Fly out, F4 (Popup, 4S, EV 69.4 MPH)
|
Batting: LHB Lee Pruitt
|
0-0: Swinging Strike 0-1: Ball 1-1: Foul Ball, location: 2F 1-2: Fly out, F4 (Flyball, 34D, EV 87.5 MPH)
|
Top of the 1st over - 2 runs, 1 hit, 1 error, 2 left on base; Managua 2 - Havana 0 |
BOTTOM OF THE 1ST |
Havana Conejitos batting - Pitching for Managua Lagoon Monsters : LHP Jim Deshaies
|
Pitching: LHP Jim Deshaies
|
|
Batting: RHB Ulises Infante
|
0-0: Called Strike 0-1: Ball 1-1: Foul Ball, location: 2F 1-2: Ground out 3-1 (Groundball, 34S, EV 81.9 MPH)
|
Batting: LHB Scott Radloff
|
0-0: Ball 1-0: Called Strike 1-1: Ball 2-1: Called Strike 2-2: Ball 3-2: Ground out 4-3 (Groundball, 4, EV 90.0 MPH)
|
Batting: LHB Jim Bennett
|
0-0: DOUBLE (Line Drive, 9LD, EV 102.5 MPH)
|
Batting: SHB Julio Estrada
|
0-0: Called Strike 0-1: Ball 1-1: Foul Ball, location: 2F 1-2: Strikes out swinging
|
Bottom of the 1st over - 0 runs, 1 hit, 0 errors, 1 left on base; Managua 2 - Havana 0 |
TOP OF THE 2ND |
Managua Lagoon Monsters batting - Pitching for Havana Conejitos : RHP Mark Breitenbach
|
Batting: LHB Gary Varsho
|
0-0: DOUBLE (Flyball, 8LD, EV 96.9 MPH)
|
Batting: LHB Matt Nokes
|
0-0: Ball Gary Varsho is caught stealing 3rd base 2-5 1-0: Called Strike 1-1: Foul Ball, location: 2F 1-2: Ball 2-2: Ball 3-2: Strikes out looking
|
Batting: LHB John Elway
|
0-0: Ball 1-0: Ball 2-0: Ball 3-0: Called Strike 3-1: Swinging Strike 3-2: Base on Balls
|
Batting: RHB Ivan Calderon
|
0-0: Swinging Strike 0-1: Ball 1-1: Swinging Strike 1-2: Foul Ball, location: 2F 1-2: Fly out, F7 (Flyball, 78D, EV 103.1 MPH)
|
Top of the 2nd over - 0 runs, 1 hit, 0 errors, 1 left on base; Managua 2 - Havana 0 |
BOTTOM OF THE 2ND |
Havana Conejitos batting - Pitching for Managua Lagoon Monsters : LHP Jim Deshaies
|
Batting: LHB Michael Wishnevski
|
0-0: Fly out, F8 (Flyball, 89XD, EV 100.0 MPH)
|
Batting: RHB Ramon Borrero
|
0-0: Ground out 6-3 (Groundball, 6, EV 81.9 MPH)
|
Batting: LHB Michael Robbins
|
0-0: Ball 1-0: Foul Ball, location: 2F 1-1: SINGLE (Groundball, 34D, EV 95.0 MPH)
|
Batting: RHB Bill Lindsey
|
0-0: Ball 1-0: Ball 2-0: SINGLE (Line Drive, 7LS, EV 101.9 MPH) Michael Robbins to second
|
Batting: RHB Javier Flores
|
0-0: Ground out 6-3 (Groundball, P, EV 86.3 MPH)
|
Bottom of the 2nd over - 0 runs, 2 hits, 0 errors, 2 left on base; Managua 2 - Havana 0 |
TOP OF THE 3RD |
Managua Lagoon Monsters batting - Pitching for Havana Conejitos : RHP Mark Breitenbach
|
Batting: LHB Willie Gonzalez
|
0-0: Ball 1-0: Ball 2-0: Ball 3-0: Base on Balls
|
Batting: RHB Randy Ready
|
0-0: Foul Ball, location: 2F 0-1: Foul Ball, location: 2F 0-2: Foul Ball, location: 2F 0-2: Ball 1-2: Strikes out swinging
|
Batting: LHB Dan Pasqua
|
0-0: Ball 1-0: Swinging Strike 1-1: Foul Ball, location: 2F 1-2: Ball 2-2: Strikes out swinging
|
Batting: RHB Ed Hearn
|
0-0: Ground out U3 (Groundball, 34, EV 81.9 MPH)
|
Top of the 3rd over - 0 runs, 0 hits, 0 errors, 1 left on base; Managua 2 - Havana 0 |
BOTTOM OF THE 3RD |
Havana Conejitos batting - Pitching for Managua Lagoon Monsters : LHP Jim Deshaies
|
Batting: RHB Ulises Infante
|
0-0: Foul Ball, location: 2F 0-1: SINGLE (Line Drive, 34D, EV 95.6 MPH)
|
Batting: LHB Scott Radloff
|
0-0: Ball 1-0: Ball 2-0: Ball 3-0: Called Strike 3-1: SINGLE (Groundball, 23, EV 71.3 MPH) (infield hit) Ulises Infante to second
|
Batting: LHB Jim Bennett
|
0-0: Called Strike 0-1: Ball 1-1: SINGLE (Flyball, 9LS, EV 96.9 MPH) Ulises Infante to third Scott Radloff to second Runner from 3rd tries for Home, SAFE, throw by RF to home
|
Batting: SHB Julio Estrada
|
0-0: Called Strike 0-1: Ball 1-1: Ball 2-1: Fielders Choice at 2nd, 5-4 (Groundball, 56, EV 88.8 MPH) Scott Radloff to third
|
Batting: LHB Michael Wishnevski
|
0-0: Called Strike 0-1: Called Strike 0-2: Ball 1-2: Ball 2-2: Grounds into double play, 5-4-3 (Groundball, 56, EV 90.6 MPH)
|
Bottom of the 3rd over - 1 run, 3 hits, 0 errors, 1 left on base; Managua 2 - Havana 1 |
TOP OF THE 4TH |
Managua Lagoon Monsters batting - Pitching for Havana Conejitos : RHP Mark Breitenbach
|
Batting: LHB Lee Pruitt
|
0-0: Ball 1-0: Foul Ball, location: 2F 1-1: Ball 2-1: Ball 3-1: Foul Ball, location: 2F 3-2: Base on Balls
|
Batting: LHB Gary Varsho
|
0-0: Foul Ball, location: 2F 0-1: Swinging Strike 0-2: Ball 1-2: Ball 2-2: Ball 3-2: Foul Ball, location: 2F 3-2: Strikes out swinging
|
Batting: LHB Matt Nokes
|
0-0: Ball 1-0: Fly out, F7 (Flyball, 7LD, EV 93.1 MPH)
|
Batting: LHB John Elway
|
0-0: Hit by Pitch Lee Pruitt to second
|
Batting: RHB Ivan Calderon
|
0-0: Ball 1-0: Ball 2-0: Ball 3-0: Called Strike 3-1: Called Strike 3-2: Base on Balls Lee Pruitt to third John Elway to second
|
Batting: LHB Willie Gonzalez
|
0-0: Ball 1-0: SINGLE (Line Drive, 6D, EV 100.0 MPH) Lee Pruitt scores John Elway to third Ivan Calderon to second Runner from 3rd tries for Home, SAFE, throw by CF to home
|
Batting: RHB Randy Ready
|
0-0: Called Strike 0-1: Ball 1-1: Called Strike 1-2: Ball 2-2: Foul Ball, location: 2F 2-2: Ball 3-2: Foul Ball, location: 2F 3-2: Fly out, F8 (Flyball, 8RD, EV 107.5 MPH)
|
Top of the 4th over - 2 runs, 1 hit, 0 errors, 2 left on base; Managua 4 - Havana 1 |
BOTTOM OF THE 4TH |
Havana Conejitos batting - Pitching for Managua Lagoon Monsters : LHP Jim Deshaies
|
Batting: RHB Ramon Borrero
|
0-0: Fly out, F9 (Flyball, 9LM, EV 78.1 MPH)
|
Batting: LHB Michael Robbins
|
0-0: Foul Ball, location: 2F 0-1: Called Strike 0-2: Strikes out swinging
|
Batting: RHB Bill Lindsey
|
0-0: Swinging Strike 0-1: Called Strike 0-2: Ball 1-2: Foul Ball, location: 2F 1-2: Strikes out swinging
|
Bottom of the 4th over - 0 runs, 0 hits, 0 errors, 0 left on base; Managua 4 - Havana 1 |
TOP OF THE 5TH |
Managua Lagoon Monsters batting - Pitching for Havana Conejitos : RHP Mark Breitenbach
|
Batting: LHB Dan Pasqua
|
0-0: Ball 1-0: Ball 2-0: Ball 3-0: Base on Balls
|
Batting: RHB Ed Hearn
|
0-0: Foul Ball, location: 2F 0-1: Swinging Strike 0-2: Foul Ball, location: 2F 0-2: Strikes out looking
|
Batting: LHB Lee Pruitt
|
0-0: Called Strike 0-1: Swinging Strike 0-2: Strikes out swinging
|
Batting: LHB Gary Varsho
|
0-0: Called Strike 0-1: Ball 1-1: Ball 2-1: Ball 3-1: Ground out 4-3 (Groundball, 4MD, EV 104.4 MPH)
|
Top of the 5th over - 0 runs, 0 hits, 0 errors, 1 left on base; Managua 4 - Havana 1 |
BOTTOM OF THE 5TH |
Havana Conejitos batting - Pitching for Managua Lagoon Monsters : LHP Jim Deshaies
|
Batting: RHB Javier Flores
|
0-0: Called Strike 0-1: Foul Ball, location: 2F 0-2: Ball 1-2: Ground out 4-3 (Groundball, 4, EV 80.0 MPH)
|
Batting: RHB Ulises Infante
|
0-0: Ball 1-0: Ball 2-0: Foul Ball, location: 2F 2-1: Called Strike 2-2: SINGLE (Groundball, 4M, EV 106.3 MPH) (infield hit)
|
Batting: LHB Scott Radloff
|
0-0: Called Strike 0-1: Ball 1-1: Ball 2-1: Called Strike 2-2: Reached on error, E3 (Groundball, 3S, EV 78.8 MPH) Ulises Infante to second
|
Batting: LHB Jim Bennett
|
0-0: Foul Ball, location: 2F 0-1: Ball 1-1: Called Strike 1-2: SINGLE (Line Drive, 4D, EV 98.1 MPH) Ulises Infante to third Scott Radloff to second
|
Batting: SHB Julio Estrada
|
0-0: Called Strike 0-1: Fly out, F8 (Flyball, 8LD, EV 100.0 MPH) Runner from 3rd tags up, SCORES, no throw by CF
|
Batting: LHB Michael Wishnevski
|
0-0: Foul Ball, location: 2F 0-1: Ball 1-1: Foul Ball, location: 2F 1-2: Foul Ball, location: 2F 1-2: SINGLE (Groundball, 56S, EV 94.4 MPH) Scott Radloff to third Jim Bennett to second Runner from 3rd tries for Home, SAFE, throw by LF to home
|
Batting: RHB Ramon Borrero
|
0-0: Foul Ball, location: 2F 0-1: Ball 1-1: Foul Ball, location: 2F 1-2: Foul Ball, location: 2F 1-2: Foul Ball, location: 2F 1-2: Fly out, F9 (Flyball, 89M, EV 91.9 MPH)
|
Bottom of the 5th over - 2 runs, 3 hits, 1 error, 2 left on base; Managua 4 - Havana 3 |
TOP OF THE 6TH |
Managua Lagoon Monsters batting - Pitching for Havana Conejitos : RHP Mark Breitenbach
|
Batting: LHB Matt Nokes
|
0-0: Ball 1-0: Ground out 4-3 (Groundball, 4M, EV 102.5 MPH)
|
Batting: LHB John Elway
|
0-0: Called Strike 0-1: Ball 1-1: Ball 2-1: Called Strike 2-2: Foul Ball, location: 2F 2-2: Ball 3-2: Foul Ball, location: 2F 3-2: Base on Balls
|
Batting: RHB Ivan Calderon
|
0-0: Called Strike John Elway steals 2nd base 0-1: Called Strike 0-2: Strikes out swinging
|
Batting: LHB Willie Gonzalez
|
0-0: Ball 1-0: Called Strike 1-1: Ball 2-1: DOUBLE (Flyball, 78XD, EV 95.6 MPH) John Elway scores
|
Pitching: RHP Eddie Hook
|
|
Batting: RHB Randy Ready
|
0-0: Ball 1-0: Called Strike 1-1: Ball 2-1: Ball 3-1: Base on Balls
|
Batting: LHB Dan Pasqua
|
0-0: Ball 1-0: Ball 2-0: Ball 3-0: Base on Balls Willie Gonzalez to third Randy Ready to second
|
Batting: RHB Ed Hearn
|
0-0: Called Strike 0-1: Fielders Choice at 2nd, 6-4 (Groundball, 6, EV 91.3 MPH)
|
Top of the 6th over - 1 run, 1 hit, 0 errors, 3 left on base; Managua 5 - Havana 3 |
BOTTOM OF THE 6TH |
Havana Conejitos batting - Pitching for Managua Lagoon Monsters : LHP Jim Deshaies
|
Batting: LHB Michael Robbins
|
0-0: Ball 1-0: Ball 2-0: Foul Ball, location: 2F 2-1: Swinging Strike 2-2: Ball 3-2: Foul Ball, location: 2F 3-2: Base on Balls
|
Batting: RHB Bill Lindsey
|
0-0: Foul Ball, location: 2F 0-1: Foul Ball, location: 2F 0-2: Fly out, F6 (Flyball, 56D, EV 86.3 MPH)
|
Batting: RHB Javier Flores
|
0-0: Fly out, F7 (Line Drive, 7, EV 93.1 MPH)
|
Batting: RHB Ulises Infante
|
0-0: Called Strike 0-1: Called Strike 0-2: Foul Ball, location: 2F 0-2: Foul Ball, location: 2F 0-2: Fly out, F7 (Flyball, 78D, EV 93.8 MPH)
|
Bottom of the 6th over - 0 runs, 0 hits, 0 errors, 1 left on base; Managua 5 - Havana 3 |
TOP OF THE 7TH |
Managua Lagoon Monsters batting - Pitching for Havana Conejitos : RHP Eddie Hook
|
Batting: LHB Lee Pruitt
|
0-0: Called Strike 0-1: Ball 1-1: Foul Ball, location: 2F 1-2: SINGLE (Line Drive, 9S, EV 93.8 MPH)
|
Batting: LHB Gary Varsho
|
0-0: Swinging Strike 0-1: Ball 1-1: Foul Ball, location: 2F 1-2: Strikes out looking
|
Batting: LHB Matt Nokes
|
0-0: Ball 1-0: Called Strike 1-1: Swinging Strike 1-2: Ball 2-2: Foul Ball, location: 2F 2-2: Strikes out looking
|
Batting: LHB John Elway
|
0-0: Ball 1-0: DOUBLE (Flyball, 8LXD, EV 100.6 MPH) Lee Pruitt to third Runner from 3rd tries for Home, SAFE, no throw by CF
|
Batting: RHB Ivan Calderon
|
0-0: Foul Ball, location: 2F 0-1: Fly out, F8 (Flyball, 78S, EV 89.4 MPH)
|
Top of the 7th over - 1 run, 2 hits, 0 errors, 1 left on base; Managua 6 - Havana 3 |
BOTTOM OF THE 7TH |
Havana Conejitos batting - Pitching for Managua Lagoon Monsters : LHP Jim Deshaies
|
Batting: LHB Scott Radloff
|
0-0: Ball 1-0: Ball 2-0: Foul Ball, location: 2F 2-1: Ball 3-1: Foul Ball, location: 2F 3-2: Fly out, F2 (Popup, 2LF, EV 91.3 MPH)
|
Pitching: RHP Miguel Hernandez
|
|
Batting: LHB Jim Bennett
|
0-0: Called Strike 0-1: Fly out, F7 (Flyball, 7LM, EV 94.4 MPH)
|
Batting: SHB Julio Estrada
|
0-0: Ball 1-0: Ball 2-0: Ground out 5-3 (Groundball, 56S, EV 88.1 MPH)
|
Bottom of the 7th over - 0 runs, 0 hits, 0 errors, 0 left on base; Managua 6 - Havana 3 |
TOP OF THE 8TH |
Managua Lagoon Monsters batting - Pitching for Havana Conejitos : RHP Eddie Hook
|
Batting: LHB Willie Gonzalez
|
0-0: Called Strike 0-1: Foul Ball, location: 2F 0-2: Foul Ball, location: 2F 0-2: Foul Ball, location: 2F 0-2: Fly out, F7 (Flyball, 7D, EV 90.0 MPH)
|
Batting: RHB Randy Ready
|
0-0: Called Strike 0-1: Ball 1-1: Foul Ball, location: 2F 1-2: Ball 2-2: Foul Ball, location: 2F 2-2: Ball 3-2: SINGLE (Line Drive, 8RS, EV 107.5 MPH)
|
Batting: LHB Dan Pasqua
|
0-0: Foul Ball, location: 2F 0-1: Ball 1-1: Swinging Strike 1-2: Strikes out swinging
|
Batting: RHB Ed Hearn
|
0-0: Ball 1-0: Called Strike 1-1: Fly out, F8 (Flyball, 8LD, EV 93.1 MPH)
|
Top of the 8th over - 0 runs, 1 hit, 0 errors, 1 left on base; Managua 6 - Havana 3 |
BOTTOM OF THE 8TH |
Havana Conejitos batting - Pitching for Managua Lagoon Monsters : RHP Miguel Hernandez
|
Batting: LHB Michael Wishnevski
|
0-0: Ball 1-0: Fly out, F7 (Flyball, 78S, EV 86.9 MPH)
|
Batting: RHB Ramon Borrero
|
0-0: Ball 1-0: Called Strike 1-1: Ball 2-1: Ball 3-1: Called Strike 3-2: Ground out 5-3 (Groundball, 5S, EV 86.3 MPH)
|
Batting: LHB Michael Robbins
|
0-0: Called Strike 0-1: Foul Ball, location: 2F 0-2: SINGLE (Line Drive, 78S, EV 90.0 MPH)
|
Batting: RHB Bill Lindsey
|
0-0: Ball 1-0: Fielders Choice at 2nd, 6-4 (Groundball, 6, EV 89.4 MPH)
|
Bottom of the 8th over - 0 runs, 1 hit, 0 errors, 1 left on base; Managua 6 - Havana 3 |
TOP OF THE 9TH |
Managua Lagoon Monsters batting - Pitching for Havana Conejitos : RHP Eddie Hook
|
Batting: LHB Lee Pruitt
|
0-0: Foul Ball, location: 2F 0-1: Swinging Strike 0-2: Foul Ball, location: 2F 0-2: Ball 1-2: Ground out 4-3 (Groundball, 34D, EV 106.9 MPH)
|
Batting: LHB Gary Varsho
|
0-0: Ball 1-0: Ball 2-0: Ball 3-0: Called Strike 3-1: Foul Ball, location: 2F 3-2: Strikes out looking
|
Pitching: RHP Moises Rangel
|
|
Batting: LHB Matt Nokes
|
0-0: Ball 1-0: Ball 2-0: Ball 3-0: Called Strike 3-1: Foul Ball, location: 2F 3-2: Foul Ball, location: 2F 3-2: Base on Balls
|
Batting: LHB John Elway
|
0-0: Foul Ball, location: 2F 0-1: Foul Ball, location: 2F 0-2: Ball 1-2: Foul Ball, location: 2F 1-2: Ball 2-2: Ball 3-2: Base on Balls Matt Nokes to second
|
Batting: RHB Ivan Calderon
|
0-0: Called Strike 0-1: Called Strike 0-2: Ball Wild Pitch! Matt Nokes to third John Elway to second 1-2: Ball 2-2: Ball 3-2: Strikes out swinging
|
Top of the 9th over - 0 runs, 0 hits, 0 errors, 2 left on base; Managua 6 - Havana 3 |
BOTTOM OF THE 9TH |
Havana Conejitos batting - Pitching for Managua Lagoon Monsters : RHP Miguel Hernandez
|
Pitching: RHP Tom Niedenfuer
|
|
Now at SS: Tom Lombarski
|
|
Now in LF: Mark Carreon
|
|
Batting: RHB Javier Flores
|
0-0: Ball 1-0: Called Strike 1-1: Fly out, F5 (Popup, 56, EV 75.6 MPH)
|
Batting: RHB Ulises Infante
|
0-0: Ball 1-0: Called Strike 1-1: Foul Ball, location: 2F 1-2: Strikes out swinging
|
Batting: LHB Scott Radloff
|
0-0: Called Strike 0-1: Swinging Strike 0-2: Ball 1-2: Strikes out swinging
|
Bottom of the 9th over - 0 runs, 0 hits, 0 errors, 0 left on base; Managua 6 - Havana 3 |
|